 Seeded DCSS version 0.29.1-15-g9cfb28693d (webtiles) character file.

Game seed: 7844915666315496777 (custom seed)

104 Mickster the Trooper (level 4, 0/45 HPs)
             Began as a Troll Abyssal Knight on Mar 7, 2023.
             Was a Priest of Lugonu.
             Slain by Ijyb
             ... wielding a +0 club
              (6 damage)
             ... on level 3 of the Dungeon.
             The game lasted 00:24:18 (1886 turns).

Mickster the Trooper (Troll Abyssal Knight)         Turns: 1886, Time: 00:24:19

Health: 0/45       AC:  4    Str: 23      XL:     4   Next: 52%
Magic:  4/4        EV:  6    Int:  4 (6)  God:    Lugonu [***...]
Gold:   33         SH: 10    Dex: 10      Spells: 3/3 levels left

rFire   . . .      SeeInvis .   l - +2 dagger (flame)
rCold   + . .      Faith    .   e - +0 tower shield
rNeg    . . .      Spirit   .   b - +0 robe
rPois   .          Reflect  .   (helmet restricted)
rElec   .          Harm     .   (no cloak)
rCorr   .          Rampage  .   (gloves unavailable)
Will    .....                   (boots unavailable)
Stlth   +.........              (no amulet)
HPRegen 0.95/turn               n - ring of protection from cold
MPRegen 0.09/turn               (no ring)

@: no status effects
A: large, unfitting armour, claws 3, regeneration 1, shaggy fur 1, tough skin 1
a: Renounce Religion, Depart the Abyss, Bend Space, Banish


You were on level 3 of the Dungeon.
You worshipped Lugonu.
Lugonu was most pleased with you.
You visited 1 branch of the dungeon, and saw 3 of its levels.
You visited the Abyss 1 time.

You collected 75 gold pieces.
You spent 42 gold pieces at shops.

Inventory:

Hand Weapons
 a - a +1 mace
 d - a +0 falchion
 g - a +0 club
 h - a +0 sling
 l - a +2 dagger of flaming (weapon)
 m - a +0 dagger of protection
Missiles
 c - 18 stones
 j - 2 poisoned darts (quivered)
Armour
 b - a +0 robe (worn)
 e - a +0 tower shield (worn)
 k - a +0 helmet
Magical Staves
 f - a staff of cold
Jewellery
 n - a ring of protection from cold (left claw)
Scrolls
 i - a scroll of identify
Potions
 o - a potion of brilliance {unknown}
 p - a potion of flight


   Skills:
 + Level 3.0 Fighting
 * Level 0.9 Short Blades
 - Level 2.3 Maces & Flails
 + Level 2.4 Dodging
 + Level 1.6 Shields
 + Level 1.7 Invocations


You had 3 spell levels left.
You didn't know any spells.
Your spell library was empty.

Dungeon Overview and Level Annotations

Branches:
Dungeon (3/15)

Altars:
Gozag

Shops:
D:2 ?*

Annotations:
D:3 Ijyb


Innate Abilities, Weirdness & Mutations

You are too large for most types of armour.
You have claws for hands.
Your natural rate of healing is unusually fast.
You are covered in fur. (AC +1)
You have tough skin. (AC +1)


Message History

Ijyb is moderately wounded.
Ijyb hits you with a +0 club.
You closely miss Ijyb.
Ijyb is moderately wounded.
You block Ijyb's attack.
You hit Ijyb but do no damage.
Ijyb is moderately wounded.
Ijyb hits you but does no damage. Ijyb hits you with a +0 club.
You closely miss Ijyb.
Ijyb is moderately wounded.
Ijyb hits you with a +0 club.
You barely miss Ijyb.
Ijyb is moderately wounded.
You block Ijyb's attack.
You barely miss Ijyb.
Ijyb is moderately wounded.
Ijyb hits you with a +0 club.
Ijyb zaps a wand.
Your mind is blasted!
You hit Ijyb but do no damage.
Ijyb is moderately wounded.
Ijyb barely misses you.
You hit Ijyb but do no damage.
Ijyb is moderately wounded.
Ijyb zaps a wand.
Your mind is blasted!
* * * LOW HITPOINT WARNING * * *
You barely miss Ijyb.
Ijyb is moderately wounded.
Ijyb zaps a wand.
Your mind is blasted!
* * * LOW HITPOINT WARNING * * *
Ijyb zaps a wand.
Your mind is blasted!
* * * LOW HITPOINT WARNING * * *
You barely miss Ijyb.
Ijyb is moderately wounded.
You block Ijyb's attack.
You hit Ijyb but do no damage.
Ijyb is moderately wounded.
You block Ijyb's attack.
You hit Ijyb but do no damage.
Ijyb is moderately wounded.
Ijyb hits you with a +0 club.
You die...

......# #.$......##..
......# ########..##..#
. ......# #......... ..#
......# #......... #+#
......# #.....!..
......####### #..(.....
............# #........
###.........####g.......
#...<........)@.......
#.............########
######........#
#........# #........#
#........# #........#
##########


You could see Ijyb.

Vanquished Creatures
  Robin (D:2)
  3 adders
  A worm (D:3)
  3 dart slugs (D:3)
  An orc (D:3)
  3 endoplasms
  4 giant cockroaches
  15 goblins
  5 hobgoblins
  2 kobolds
  A quokka (D:2)
  5 ball pythons
  2 bats
  2 frilled lizards
  5 rats
53 creatures vanquished.

Vanquished Creatures (others)
  A plant (D:1)
1 creature vanquished.

Grand Total: 54 creatures vanquished

Notes
Turn   | Place    | Note
-------+----------+-------------------------------------------
     0 | Abyss:1  | Mickster the Troll Abyssal Knight began the quest for the
                  | Orb.
     0 | Abyss:1  | Reached XP level 1. HP: 22/22 MP: 1/1
     1 | D:1      | Escaped the Abyss
   507 | D:1      | Found a faded altar of an unknown god.
   545 | D:1      | Reached XP level 2. HP: 25/29 MP: 2/2
   910 | D:2      | Noticed Robin
   917 | D:2      | Reached XP level 3. HP: 29/36 MP: 3/3
   926 | D:2      | Reached *** piety under Lugonu
   945 | D:2      | Killed Robin
   946 | D:2      | Reached skill level 1 in Shields
  1059 | D:2      | Found Buxzeura's Magic Scroll Shoppe.
  1154 | D:2      | Found Sehevejo's Assorted Antiques.
  1166 | D:2      | Bought a scroll labelled QIR AFISIAGOXT for 21 gold pieces
  1166 | D:2      | Bought a scroll labelled TODENAASIE for 21 gold pieces
  1209 | D:2      | Reached XP level 4. HP: 40/44 MP: 4/4
  1593 | D:3      | Reached skill level 3 in Fighting
  1780 | D:3      | Found an opulent altar of Gozag.
  1867 | D:3      | Noticed Ijyb
  1886 | D:3      | Slain by Ijyb

Illustrated notes

Levels and vault maps discovered:
D:1:      wander_arrival_fairy_ring, layout_loops_corners,
          hellmonk_ecumenical_altar_heavens_door,
          chequers_serial_rivers_micro_c, glass_columns_a, st_stairs_14
D:2:      layout_basic, serial_shops, nicolae_shop_hallway_stairs,
          nicolae_shop_waterfront, uniq_robin
D:3:      minmay_angry_zag, layout_basic, nicolae_gozag_seed_capital,
          uniq_jessica, uniq_ijyb

Skill      XL: |  1  2  3  4 |
---------------+-------------+-----
Dodging        | 2 |  2.4
Maces & Flails | 2 |  2.3
Shields        | 1 |  1.6
Fighting       | 3 |  3.0
Short Blades   | |  0.9
Invocations    | |  1.7

Action                   |  1- 3 |  4- 6 || total
-------------------------+-------+-------++-------
Melee: Mace              |   117 |       ||   117
       Dagger            |    20 |    68 ||    88
Throw: Dart              |       |     1 ||     1
  Use: Potion            |     7 |       ||     7
       Scroll            |     4 |     3 ||     7
Armor: Robe              |    80 |    25 ||   105
Dodge: Dodged            |    56 |    17 ||    73
Block: Tower shield      |    68 |    30 ||    98
